 Dungeon Crawl Stone Soup version 0.31-a0-233-g139696dc86 (webtiles) character file.

Game seed: 12206699094009215376

923 qw the Skirmisher (level 7, 0/58 (61) HPs)
             Began as a Minotaur Hexslinger on July 8, 2023.
             Shot with a sling bullet by a wight (10 damage)
             ... on level 6 of the Dungeon.
             The game lasted 00:01:43 (5214 turns).

qw the Skirmisher (Minotaur Hexslinger)             Turns: 5214, Time: 00:01:43

HP:   0/58 (61)     AC:  5    Str: 13    XL:     7   Next: 84%
MP:   7/7           EV: 11    Int: 10    God:
Gold: 336           SH:  0    Dex: 14    Spells: 7/8 levels left

rFire   . . .        Y - +1 sling (drain)
rCold   . . .        (no shield)
rNeg    . . .        i - +0 ring mail
rPois   .            (helmet restricted)
rElec   .            (no cloak)
rCorr   .            (no gloves)
SInv    .            (no boots)
Will    .....        (no amulet)
Stlth   +            (no ring)
HPRegen 0.29/turn    (no ring)
MPRegen 0.10/turn

%: no passive effects
@: lightly drained
A: horns 2, retaliatory headbutt
a: no special abilities


You were on level 6 of the Dungeon.
You visited 1 branch of the dungeon, and saw 6 of its levels.
You also visited: Sewer.

You collected 358 gold pieces.
You spent 22 gold pieces at shops.


Innate Abilities, Weirdness & Mutations

You have a pair of horns on your head.
You reflexively headbutt those who attack you in melee.


   Skills:
 - Level 5.0 Fighting
 + Level 8.9 Ranged Weapons
 - Level 1.0 Armour
 - Level 2.1 Dodging
 - Level 1.0 Spellcasting
 - Level 2.0 Hexes


You had 7 spell levels left.
You knew the following spells:

 Your Spells              Type           Power      Damage    Failure   Level
a - Slow                  Hex            16%        N/A       32%         1

Your spell library contained the following spells:

 Spells                   Type           Power      Damage    Failure   Level
 Inner Flame              Hex/Fire       2%         N/A       82%         3
 Portal Projectile        Hex/Tloc       4%         N/A       82%         3
 Cause Fear               Hex            2%         N/A       97%         4

Inventory:

Hand Weapons
 Y - a +1 sling of draining (weapon)
Armour
 i - a +0 ring mail (worn)
Scrolls
 a - a scroll of identify
 b - a scroll of enchant armour
Potions
 c - a potion of enlightenment
 d - a potion of resistance
 e - a potion of brilliance {unknown}
 f - a potion of might
 g - a potion of ambrosia {unknown}
 j - a potion of curing

Dungeon Overview and Level Annotations

Branches:
Dungeon (6/15)              Sewer (visited)
 Temple: D:4-7

Altars:

Shops:
D:2 *(:=(

Annotations:
D:3 2 runed translucent doors


Message History

HP restored.
A wight comes into view.
It is wielding the +8 sling of Qaoxt {flame, Fly rElec Str-2}.
The wight shoots a sling bullet.
The sling bullet hits you! The sling bullet burns you.
Enter note:
Enter note: You shoot a sling bullet.
The sling bullet closely misses the wight.
The wight shoots a sling bullet.
The sling bullet hits you. The sling bullet burns you.
You shoot a sling bullet. The sling bullet hits the wight.
The wight is lightly damaged.
You shoot a sling bullet. The sling bullet hits the wight.
The wight is lightly damaged.
You shoot a sling bullet. The sling bullet hits the wight.
The wight is moderately damaged.
The wight shoots a sling bullet.
The sling bullet hits you! The sling bullet burns you.
You shoot a sling bullet. The sling bullet hits the wight.
The wight is severely damaged.
The wight shoots a sling bullet.
The sling bullet barely misses you.
You shoot a sling bullet.
The sling bullet closely misses the wight.
The wight shoots a sling bullet.
The sling bullet hits you. The sling bullet burns you.
You shoot a sling bullet.
The sling bullet hits the wight but does no damage.
The wight is severely damaged.
You shoot a sling bullet.
The sling bullet hits the wight but does no damage.
The wight is severely damaged.
You shoot a sling bullet.
The sling bullet closely misses the wight.
The wight shoots a sling bullet.
The sling bullet closely misses you.
You shoot a sling bullet. The sling bullet hits the wight.
The wight is severely damaged.
The wight shoots a sling bullet.
The sling bullet hits you! The sling bullet burns you.
The wight shoots a sling bullet.
The sling bullet hits you!
You die...

#. ...... #.. #....# #...
#....## #...####.....#
#........z...####
#:....$.........
#.....))........
#......@....... ..##...
#...........#.. .......
#...........# #........
#...........# #........
#...........# #........
#...........# #........
#####.......####........
#...................
######...................


You could see a wight.

Vanquished Creatures
  A water moccasin (Sewer)
  Blork the orc (D:5)
  3 scorpions
  2 wights (D:6)
  A howler monkey (D:5)
  An orc priest (D:5)
  2 hounds
  A jelly (D:4)
  2 iguanas
  Terence (D:2)
  An orc wizard (D:5)
  6 adders
  3 gnolls (D:6)
  A river rat (D:3)
  A worm (D:4)
  2 dart slugs (D:4)
  15 orcs
  11 ball pythons
  10 bats
  5 endoplasms
  2 giant cockroaches (D:3)
  6 goblins
  6 hobgoblins
  2 jackals (D:3)
  6 quokkas
  5 frilled lizards
  6 kobolds
  10 rats
113 creatures vanquished.

Notes
Turn   | Place    | Note
-------+----------+-------------------------------------------
     0 | D:1      | qw the Minotaur Hexslinger began the quest for the Orb.
     0 | D:1      | Reached XP level 1. HP: 16/16 MP: 1/1
     0 | D:1      | 0 ||| qw: Version: 0.3-a-46-gb1f654a
     0 | D:1      | 0 ||| qw: Game counter: 3581
     0 | D:1      | 0 ||| qw: Melee chars always use a shield: true
     0 | D:1      | 0 ||| qw: God list: Okawaru
     0 | D:1      | 0 ||| qw: Allow faded altars: false
     0 | D:1      | 0 ||| qw: Do Orc after clearing Dungeon:15 true
     0 | D:1      | 0 ||| qw: Do second Lair branch before Depths: true
     0 | D:1      | 0 ||| qw: Lair rune preference: random
     0 | D:1      | 0 ||| qw: Goals: Normal
     0 | D:1      | 0 ||| PLANNING D:1-11
   278 | D:1      | Reached skill level 3 in Ranged Weapons
   278 | D:1      | Reached XP level 2. HP: 23/23 MP: 2/2
   637 | D:1      | 637 ||| UPGRADING to +0 ring mail.
   647 | D:1      | 647 ||| DROPPING +0 robe.
   648 | D:1      | 648 ||| READING 2 scrolls labelled ANKAUF QYER.
   649 | D:1      | 649 ||| READING scroll labelled FOHIFE WOPPOITS.
   650 | D:1      | 650 ||| READING scroll labelled KOANAU JACONTO.
   651 | D:1      | 651 ||| READING scroll labelled PEATEUDADE.
   652 | D:1      | 652 ||| DROPPING scroll of poison.
   723 | D:2      | Found Jiawir's Weapon Boutique.
   732 | D:2      | 732 ||| SHOPLISTING +12 orcbow "Kosinakig" {drain, rCorr
                  | MP+9 Str-2 Int-3} (873 gold, have 85).
   770 | D:2      | Found Holoux's Jewellery Boutique.
   774 | D:2      | 774 ||| SHOPLISTING +4 ring of protection (360 gold, have
                  | 85).
   774 | D:2      | 774 ||| SHOPLISTING +6 ring of strength (360 gold, have
                  | 85).
   774 | D:2      | 774 ||| SHOPLISTING amulet of regeneration (300 gold, have
                  | 85).
   774 | D:2      | 774 ||| SHOPLISTING amulet of the acrobat (300 gold, have
                  | 85).
   774 | D:2      | 774 ||| SHOPLISTING ring of Omosigoima {rF+ rCorr AC+4
                  | Int+3} (619 gold, have 85).
   774 | D:2      | 774 ||| SHOPLISTING ring of positive energy (200 gold, have
                  | 85).
   774 | D:2      | 774 ||| SHOPLISTING ring of protection from cold (250 gold,
                  | have 85).
   774 | D:2      | 774 ||| SHOPLISTING ring of willpower (250 gold, have 85).
   839 | D:2      | Noticed Terence
   851 | D:2      | Killed Terence
   852 | D:2      | Reached XP level 3. HP: 15/29 MP: 3/3
   954 | D:2      | Reached skill level 4 in Ranged Weapons
  1071 | D:2      | Found Lamn's Book Shop.
  1084 | D:2      | Found Seureer's Antique Weapon Emporium.
  1097 | D:2      | 1097 ||| SHOPLISTING arbalest (94 gold, have 85).
  1209 | D:2      | Found Fugukeel's General Store.
  1225 | D:2      | Reached skill level 1 in Armour
  1259 | D:2      | 1259 ||| BUYING scroll of identify (22 gold).
  1259 | D:2      | Bought a scroll of identify for 22 gold pieces
  1540 | D:2      | 1540 ||| READING scroll labelled WUCAXOA DEATA.
  1543 | D:2      | 1543 ||| READING 4 scrolls of identify.
  1543 | D:2      | 1543 ||| IDENTIFYING puce potion
  1544 | D:2      | 1544 ||| READING 3 scrolls of identify.
  1544 | D:2      | 1544 ||| IDENTIFYING metallic inky potion
  1545 | D:2      | 1545 ||| READING 2 scrolls of identify.
  1545 | D:2      | 1545 ||| IDENTIFYING dark potion
  1546 | D:2      | 1546 ||| DROPPING potion of attraction.
  1595 | D:3      | 1595 ||| PLANNING SEWER
  1726 | D:3      | Reached XP level 4. HP: 36/36 MP: 4/4
  1769 | D:3      | Found a large runed translucent door.
  1769 | D:3      | Found a large runed translucent door.
  1958 | D:3      | Found a faded altar of an unknown god.
  2051 | D:3      | Found a glowing drain.
  2052 | D:3      | 2052 ||| READING scroll labelled WAWNADECLE.
  2053 | D:3      | 2053 ||| READING 2 scrolls labelled WYUFY GEVYF.
  2054 | D:3      | 2054 ||| READING 2 scrolls of identify.
  2054 | D:3      | 2054 ||| IDENTIFYING bubbling pink potion
  2055 | D:3      | 2055 ||| DROPPING scroll of blinking.
  2067 | D:3      | Reached skill level 5 in Ranged Weapons
  2102 | Sewer    | Entered a sewer
  2131 | Sewer    | Noticed a water moccasin
  2144 | Sewer    | Killed a water moccasin
  2145 | Sewer    | Reached XP level 5. HP: 34/47 MP: 5/5
  2227 | Sewer    | 2227 ||| READING scroll labelled BUSACE MAQUOPT.
  2236 | D:3      | 2236 ||| PLANNING D:1-11
  2678 | D:3      | 2678 ||| READING scroll labelled UTAEFEARUR.
  2899 | D:4      | Reached XP level 6. HP: 48/53 MP: 6/6
  3091 | D:4      | Reached skill level 6 in Ranged Weapons
  3585 | D:4      | 3585 ||| READING scroll labelled LINEUB JABBEEPU.
  3615 | D:5      | Entered Level 5 of the Dungeon
  3790 | D:5      | Noticed Blork the orc
  3798 | D:5      | Killed Blork the orc
  3799 | D:5      | Reached skill level 7 in Ranged Weapons
  3799 | D:5      | Reached XP level 7. HP: 45/60 MP: 7/7
  4193 | D:5      | Reached skill level 8 in Ranged Weapons
  4252 | D:5      | 4252 ||| DRINKING 2 potions of curing.
  4252 | D:5      | 4252 ||| (to cure confusion)
  4651 | D:5      | 4651 ||| READING scroll labelled SAPTIGG VIXOGO.
  4747 | D:5      | 4747 ||| DRINKING 2 lumpy ruby potions.
  4880 | D:6      | 4880 ||| FLEEEEING.
  4881 | D:6      | 4881 ||| FLEEEEING.
  4882 | D:6      | 4882 ||| FLEEEEING.
  4883 | D:6      | 4883 ||| FLEEEEING.
  4884 | D:6      | 4884 ||| FLEEEEING.
  4885 | D:6      | 4885 ||| FLEEEEING.
  4886 | D:6      | 4886 ||| FLEEEEING.
  4887 | D:6      | 4887 ||| FLEEEEING.
  4888 | D:6      | 4888 ||| FLEEEEING.
  4889 | D:6      | 4889 ||| STAIRDANCE
  4997 | D:6      | HP: 14/57 [wight/+1 mace (7)]
  4999 | D:6      | HP: 3/57 [wight/+1 mace (4)]
  5000 | D:6      | HP: 1/57 [wight/+1 mace (2)]
  5053 | D:6      | 5053 ||| FLEEEEING.
  5204 | D:6      | Identified the +8 sling of Qaoxt {flame, Fly rElec Str-2}
  5214 | D:6      | HP: 13/58 [wight/sling bullet (12)]
  5214 | D:6      | Shot with a sling bullet by a wight

Levels and vault maps discovered:
D:1:      matt_arrival_spirals, layout_basic
D:2:      layout_loops_corners, serial_shops, nicolae_shop_tiny_waterfront,
          shop, shop_statue, shop, nicolae_shop_back_alley_shop, uniq_terence
D:3:      layout_basic, jmf_multi_god_temple2, portal_sewer_entry_a,
          shapermc_ecumenical_altar_petra
D:4:      layout_loops_ring, moated_statue, palyth_stone_intersect,
          minmay_close_crescents
D:5:      layout_basic, uniq_blork_the_orc
D:6:      layout_basic, uniq_crazy_yiuf_cottage

Skill      XL: |  1  2  3  4  5  6  7 |
---------------+----------------------+-----
Ranged Weapons | 3 4 5 7 8 |  8.9
Fighting       | 2 4 5 |  5.0
Armour         | 1 |  1.0
Dodging        | |  2.1
Spellcasting   | |  1.0
Hexes          | |  2.0

Action                     |  1- 3 |  4- 6 |  7- 9 || total
---------------------------+-------+-------+-------++-------
   Fire: Sling             |    90 |   195 |   100 ||   385
    Use: Scroll            |     8 |     6 |     1 ||    15
         Potion            |       |       |     2 ||     2
 Armour: Robe              |     2 |       |       ||     2
         Ring mail         |     9 |    30 |    13 ||    52
  Dodge: Dodged            |    23 |    58 |    42 ||   123

Table legend:
 A = Non-vault XP
 B = Vault XP
 C = Vault XP percentage of total XP
 D = Non-vault monster count
 E = Vault monster count
 F = Vault count percentage of total count
                 A         B        C        D         E       F
            +---------+---------+-------+---------+---------+-------
      Total |     939 |     380 |  28.8 |      92 |      21 |  18.6
            +---------+---------+-------+---------+---------+-------
        D:1 |      20 |       0 |   0.0 |      12 |       0 |   0.0
        D:2 |      35 |      36 |  50.7 |      15 |       1 |   6.2
        D:3 |      78 |      37 |  32.2 |      19 |       8 |  29.6
        D:4 |     104 |      51 |  32.9 |      23 |       4 |  14.8
        D:5 |     420 |      94 |  18.3 |      15 |       1 |   6.2
        D:6 |     282 |       0 |   0.0 |       8 |       0 |   0.0
      Sewer |       0 |     162 | 100.0 |       0 |       7 | 100.0
            +---------+---------+-------+---------+---------+-------
